AoeStats
← FATBOY [IM NOT RACIST ANYMORE

Black Forest

507662419Analyzed
4v4 RM · 14d ago on Sep 19, 2026· 75m 28s· 8 players
Game mode
Random Map
Map size
Large (8 player)
Population
200
Speed
Normal
Resources
Standard
Victory
Conquest
Starting age
Dark Age
Ending age
Imperial Age
RankedLock teamsTeams togetherTeam positionsShared explorationLock speedFull tech treeHidden civsTurbo modeCheats
Victory
Defeat
🇲🇽 Spanish · Mexico
1358
+15
🇲🇽 Bohemians · Mexico
1301
+17
🇲🇽 Persians · Mexico
1299
+44
🇭🇳 Franks · Honduras
1288
+18
🇺🇸 Wei · United States
1373
-18
🇳🇿 Persians · New Zealand
1354
-18
🇭🇰 Japanese · Hong Kong SAR China
1297
-16
🇩🇪 Ethiopians · Germany
1292
-15
SSBARTO EL MANO LARGA
0:47 Loom
12:03 Feudal Age
18:09 Castle Age
16:12 Double-Bit Axe
16:13 Horse Collar
20:48 Redemption
21:24 Town Watch
28:46 Imperial Age
29:44 Chemistry
29:56 Wheelbarrow
30:01 Bow Saw
31:32 Block Printing
31:28 Elite Skirmisher
32:28 Fletching
32:38 Padded Archer Armor
34:41 Heavy Plow
35:22 Fervor
36:26 Hand Cart
37:15 Two-Man Saw
37:58 Pikeman
39:03 Forging
39:22 Halberdier
40:07 Squires
40:44 Iron Casting
40:09 Scale Mail Armor
41:29 Guilds
43:02 Blast Furnace
45:10 Chain Mail Armor
48:13 Plate Mail Armor
51:43 Conscription
53:55 Caravan
55:45 Siege Engineers
59:49 Ballistics
60:50 Bodkin Arrow
62:36 Bracer
62:51 Leather Archer Armor
68:41 Ring Archer Armor
22LaPollaPls
11:03 Feudal Age
12:57 Wheelbarrow
14:25 Castle Age
12:37 Double-Bit Axe
13:38 Fishing Lines
16:35 Bow Saw
21:10 Gillnets
22:13 Horse Collar
23:25 Wheelbarrow
25:07 Stone Mining
25:07 Gold Mining
29:33 Imperial Age
26:48 Loom
27:52 Stone Shaft Mining
27:52 Gold Shaft Mining
27:28 Forging
27:45 Heavy Plow
28:11 Hand Cart
28:21 Scale Barding Armor
28:52 Iron Casting
29:28 Coinage
29:34 Chain Barding Armor
29:26 Bloodlines
29:17 Husbandry
31:03 Plate Barding Armor
31:29 Blast Furnace
31:38 Two-Man Saw
31:09 Crop Rotation
31:08 Guilds
31:30 Banking
31:25 Elite War Elephant
33:17 Citadels
33:28 Conscription
32:59 Fletching
33:41 Bodkin Arrow
34:40 Hoardings
34:27 Masonry
34:14 Onager
35:05 Devotion
35:17 Town Watch
36:03 Architecture
36:23 Faith
38:27 Thumb Ring
37:42 Crossbowman
38:55 Kamandaran
38:55 Padded Archer Armor
39:18 Ballistics
39:58 Chemistry
40:15 Leather Archer Armor
41:58 Ring Archer Armor
42:55 Murder Holes
49:10 Caravan
50:13 Guilds
57:04 Elite Skirmisher
58:11 Cavalier
58:33 Light Cavalry
59:17 Hussar
67:59 Savar
69:47 Savar
Charro
0:27 Loom
12:12 Feudal Age
14:06 Wheelbarrow
13:29 Double-Bit Axe
19:31 Castle Age
34:06 Bow Saw
38:17 Hand Cart
42:18 Imperial Age
40:17 Town Watch
41:01 Gold Mining
41:15 Padded Archer Armor
40:58 Horse Collar
44:08 Imperial Age
42:25 Leather Archer Armor
44:11 Ballistics
45:51 Chemistry
47:52 Two-Man Saw
49:13 Stone Mining
51:48 Heavy Plow
52:22 Ring Archer Armor
52:24 Town Patrol
66:54 Elite Skirmisher
67:25 Fletching
67:43 Thumb Ring
68:53 Bodkin Arrow
70:37 Bracer
72:18 Coinage
Francisco Morazán
8:32 Loom
12:02 Feudal Age
16:58 Castle Age
15:09 Double-Bit Axe
17:46 Fishing Lines
18:49 Bow Saw
19:31 Wheelbarrow
20:22 Gillnets
21:49 Scale Barding Armor
30:31 Imperial Age
28:13 Husbandry
28:37 Forging
28:29 Gold Mining
28:33 Stone Mining
30:04 Iron Casting
30:26 Chain Barding Armor
30:19 Fletching
31:24 Hand Cart
30:48 Cavalier
33:18 Conscription
34:01 Plate Barding Armor
36:20 Blast Furnace
35:16 Bodkin Arrow
37:45 Paladin
40:01 Padded Archer Armor
40:27 Ballistics
40:50 Gold Shaft Mining
51:12 Coinage
59:51 Chemistry
59:05 Caravan
70:03 Elite Skirmisher
FATBOY [IM NOT RACIST ANYMORE
1:42 Loom
11:25 Feudal Age
15:33 Castle Age
13:40 Double-Bit Axe
13:50 Horse Collar
16:27 Heavy Plow
16:37 Bow Saw
18:31 Gold Mining
19:13 Fletching
19:51 Bodkin Arrow
20:49 Padded Archer Armor
22:16 Wheelbarrow
24:53 Hand Cart
27:19 Town Watch
30:47 Imperial Age
28:20 Scale Mail Armor
28:30 Forging
28:01 Pikeman
28:41 Squires
30:30 Chain Mail Armor
30:50 Iron Casting
30:50 Halberdier
33:21 Block Printing
33:32 Illumination
33:42 Theocracy
35:20 Blast Furnace
34:28 Scale Barding Armor
35:52 Tuntian
36:13 Conscription
36:19 Ming Guang Armor
37:18 Chemistry
36:29 Masonry
40:13 Leather Archer Armor
40:01 Bracer
41:12 Chain Barding Armor
46:47 Onager
49:47 Heavy Hei Guang Cavalry
50:27 Husbandry
50:37 Bloodlines
68:41 Heavy Scorpion
71:39 Ballistics
71:53 Light Cavalry
Akida
0:59 Loom
13:28 Feudal Age
14:55 Double-Bit Axe
17:25 Castle Age
16:27 Town Watch
17:17 Wheelbarrow
17:37 Stone Mining
18:33 Gold Mining
18:57 Bow Saw
28:00 Imperial Age
27:06 Fletching
27:44 Padded Archer Armor
27:42 Bodkin Arrow
27:52 Padded Archer Armor
28:29 Scale Barding Armor
28:55 Ballistics
28:47 Masonry
29:47 Chemistry
29:33 Crossbowman
32:13 Bracer
32:23 Arbalester
33:48 Scale Mail Armor
34:25 Hand Cart
43:21 Fortified Wall
50:08 Gold Shaft Mining
52:32 Thumb Ring
66:01 Caravan
66:57 Squires
67:16 Chain Mail Armor
67:16 Forging
70:05 Halberdier
74:49 Chain Barding Armor
75:02 Plate Mail Armor
75:08 Iron Casting
cls
0:40 Loom
12:02 Feudal Age
12:13 Feudal Age
13:16 Double-Bit Axe
14:40 Horse Collar
17:28 Castle Age
16:49 Gold Mining
18:27 Bow Saw
19:39 Gold Shaft Mining
21:55 Scale Mail Armor
22:39 Arson
22:58 Squires
25:00 Forging
25:11 Heavy Plow
26:12 Chain Mail Armor
27:19 Wheelbarrow
26:30 Town Watch
26:34 Arson
26:55 Stone Mining
28:34 Iron Casting
30:39 Pikeman
36:15 Imperial Age
35:01 Hand Cart
36:52 Halberdier
39:29 Conscription
41:17 Hoardings
41:57 Blast Furnace
41:27 Plate Mail Armor
42:09 Kataparuto
43:06 Kataparuto
42:39 Crossbowman
43:24 Thumb Ring
45:23 Chemistry
44:34 Masonry
44:04 Treadmill Crane
44:31 Siege Engineers
46:10 Plate Mail Armor
45:31 Fletching
46:35 Caravan
47:57 Two-Man Saw
47:19 Crossbowman
48:04 Thumb Ring
48:02 Bodkin Arrow
48:07 Padded Archer Armor
48:30 Ballistics
48:06 Arbalester
49:24 Bracer
49:54 Leather Archer Armor
49:47 Murder Holes
50:02 Fortified Wall
51:54 Ring Archer Armor
53:45 Elite Skirmisher
66:12 Town Patrol
68:30 Coinage
68:34 Scale Barding Armor
69:29 Yasama
73:18 Man-at-Arms
74:10 Gambesons
75:36 Banking
Skilgannon
7:32 Loom
12:44 Feudal Age
13:34 Double-Bit Axe
17:23 Castle Age
18:09 Bow Saw
19:46 Wheelbarrow
20:36 Horse Collar
21:47 Gold Mining
22:13 Heavy Plow
22:49 Hand Cart
28:35 Town Watch
29:11 Caravan
32:09 Imperial Age
31:04 Scale Barding Armor
31:10 Forging
31:22 Fletching
31:55 Ballistics
32:24 Bloodlines
32:18 Husbandry
32:50 Chain Barding Armor
31:59 Cavalier
33:34 Savar
35:30 Plate Barding Armor
35:31 Iron Casting
36:06 Bodkin Arrow
40:45 Coinage
41:25 Two-Man Saw
40:58 Crop Rotation
42:40 Conscription
51:15 Pikeman
51:56 Squires
51:42 Gambesons
52:00 Scale Mail Armor
53:12 Blast Furnace
52:27 Halberdier
56:49 Chain Mail Armor
63:52 Light Cavalry
64:36 Hussar
73:11 Kamandaran
74:23 Padded Archer Armor
74:54 Plate Mail Armor
73:48 Crossbowman
75:03 Parthian Tactics
74:46 Thumb Ring
Connection lost

Rejoining the realm…

Still unreachable

The connection could not be restored.

Session expired

The server has moved on; the page needs a fresh start.